Map: 블랙핑크 - 래더

Players

Jieshi

  • Race: Protoss Protoss
  • League: Master
  • Spawn Location: 1:00

herO - Winner!

  • Race: Protoss Protoss
  • Spawn Location: 7:00

Event: 2018 Hangzhou StarCraft Carnival

VOD

Have the link to the VOD?

Description

Time

  • Played on: April 29, 2018, 2:28 a.m.
  • Length: 8:37

All games in this series

Show
View Real Time Build Order
Export as new Build Order

Jieshi Protoss 

Build Orders: Oracle Opening 

Get SALT Encoding   

  12  0:01  Probe  
  13  0:13  Probe  
  14  0:17  Pylon  
  14  0:24  Probe  
  15  0:32  Probe  
  15  0:37  Gateway  
  15  0:40  Probe  
  16  0:46  Assimilator  
  17  0:50  Probe  
  17  0:55  Assimilator  
  18  0:59  Probe  
  19  1:07  Probe  
  20  1:16  Gateway  
  20  1:17  Probe  
  20  1:24  Cybernetics Core  
  21  1:30  Probe  
  22  1:35  Pylon  
  22  1:42  Probe  
  23  1:51  Warp Gate  
  23  1:54  Probe  
  24  2:02  Stalker  
  24  2:03  Stalker  
  28  2:14  Pylon  
  28  2:19  Twilight Council  
  28  2:32  Adept  
  30  2:40  Stargate  
  30  2:41  Adept  
  31  2:50  Probe  
  32  3:06  Nexus  
  32  3:13  Probe  
  32  3:15  Oracle  
  33  3:22  Pylon  
  36  3:31  Shield Battery  
  36  3:32  Probe  
  35  3:49  Pylon  
  38  3:57  Oracle, Sentry  
  38  3:59  Probe  
  37  4:10  Stalker  
  37  4:11  Probe  
  37  4:15  Probe  
  40  4:23  Probe x2  
  43  4:32  Probe  
  43  4:35  Probe  
  45  4:44  Pylon, Robotics Facility  
  45  4:46  Probe  
  45  4:47  Probe  
  47  4:58  Pylon, Probe  
  47  4:59  Probe  
  49  5:00  Sentry  
  51  5:11  Probe  
  51  5:13  Adept  
  51  5:20  Probe  
  51  5:23  Probe  
  51  5:25  Observer  
  51  5:31  Adept  
  51  5:32  Probe  
  51  5:35  Probe  
  56  5:40  Immortal  
  56  5:44  Twilight Council, Probe  
  56  5:47  Probe  
  62  5:51  Assimilator  
  62  5:59  Gateway  
  62  6:01  Adept x2  
  66  6:09  Immortal  
  66  6:12  Probe  
  66  6:13  Probe  
  66  6:14  Resonating Glaives  
  68  6:20  Pylon  
  72  6:29  Pylon  
  72  6:37  Gateway  
  72  6:39  Gateway  
  72  6:41  Gateway  
  72  6:44  Gateway  
  72  6:45  Warp Prism  
  72  6:51  Probe  
  73  6:56  Adept  
  73  7:03  Probe x2  
  74  7:11  Immortal, Sentry x2  
  79  7:15  Probe  
  84  7:26  Probe  
  84  7:31  Pylon  
  84  7:39  Adept x2  
  84  7:40  Adept x2  
  84  7:41  Adept  
  94  7:44  Pylon  
  94  7:52  Pylon  
  94  8:09  Adept  
  94  8:10  Adept x4  
  94  8:11  Adept  
  94  8:12  Adept  
Show
View Real Time Build Order
Export as new Build Order

herO Protoss - Winner!

Build Orders: Zealot Archon 

Get SALT Encoding   

  12  0:01  Probe  
  13  0:13  Probe  
  14  0:17  Pylon  
  14  0:24  Probe  
  15  0:32  Probe  
  15  0:36  Gateway  
  15  0:40  Probe  
  16  0:45  Assimilator  
  17  0:50  Probe  
  17  0:53  Assimilator  
  18  0:58  Probe  
  19  1:06  Gateway, Probe  
  20  1:17  Probe  
  20  1:23  Cybernetics Core  
  21  1:29  Probe  
  22  1:34  Pylon  
  22  1:42  Probe  
  22  1:45  Warp Gate  
  23  1:54  Probe  
  24  2:00  Stalker x2  
  28  2:14  Pylon  
  28  2:21  Shield Battery  
  28  2:30  Stalker  
  28  2:32  Stalker  
  31  2:50  Nexus  
  31  3:01  Sentry  
  31  3:02  Sentry  
  35  3:09  Robotics Facility  
  35  3:17  Probe  
  36  3:30  Probe  
  36  3:31  Pylon  
  36  3:33  Shield Battery  
  37  3:39  Shield Battery  
  37  3:42  Probe  
  37  3:49  Sentry  
  37  3:50  Stalker  
  37  3:54  Probe  
  42  4:01  Observer  
  43  4:06  Probe  
  43  4:07  Probe  
  45  4:16  Adept x2  
  49  4:19  Probe x2  
  49  4:32  Probe x2  
  51  4:40  Stalker x2  
  51  4:42  Observer  
  51  4:43  Probe x2  
  58  4:49  Pylon  
  58  4:51  Probe x2  
  58  4:59  Probe  
  60  5:00  Twilight Council, Probe  
  61  5:12  Probe  
  61  5:13  Probe  
  63  5:17  Warp Prism  
  65  5:21  Probe  
  65  5:22  Probe  
  65  5:26  Assimilator  
  67  5:29  Assimilator  
  67  5:30  Probe  
  67  5:32  Pylon  
  67  5:33  Probe  
  68  5:39  Probe  
  68  5:44  Dark Shrine  
  68  5:46  Pylon  
  68  5:47  Probe  
  69  5:50  Charge  
  69  5:51  Probe  
  70  6:02  Immortal  
  70  6:03  Probe  
  75  6:11  Probe  
  73  6:15  Templar Archives, Probe  
  74  6:23  Adept x2  
  78  6:25  Probe  
  78  6:27  Probe  
  80  6:37  Gateway  
  80  6:38  Gateway  
  80  6:39  Immortal  
  80  6:42  Gateway, Pylon  
  84  6:54  High Templar  
  86  7:02  High Templar  
  86  7:06  Gateway x2  
  84  7:10  Gateway  
  84  7:14  Immortal  
  84  7:17  Archon  
  84  7:20  Observer  
  88  7:24  Observer  
  88  7:26  Pylon  
  88  7:27  Pylon x2  
  88  7:28  High Templar  
  90  7:33  High Templar  
  92  7:38  Archon  
  92  7:40  Nexus  
  92  7:51  High Templar x2, Zealot  
  92  7:57  Archon  
  98  8:04  Zealot x4  
  98  8:05  Zealot  
  102  8:09  Probe  
  99  8:21  Zealot  
  99  8:22  Zealot  
  89  8:28  Zealot x3  
Tags
 
Add a new tag
Caveats
  • Supply blocks, unpowered buildings, or Contaminate may cause inaccurate times.
  • Supply counts are checked every 10 seconds.